 Dungeon Crawl Stone Soup version 0.31-a0-851-g7ff8af7976 (webtiles) character file.

Game seed: 4079269162326205174

49 Flugkiller the Insei (level 3, -7/23 HPs)
             Began as an Octopode Shapeshifter on Oct 6, 2023.
             Mangled by a gnoll
             ... wielding a +0 halberd
              (9 damage)
             ... on level 2 of the Dungeon.
             The game lasted 00:00:37 (1116 turns).

Flugkiller the Insei (Octopode Shapeshifter)        Turns: 1116, Time: 00:00:38

Health: -7/23      AC:  1    Str: 13    XL:     3   Next: 75%
Magic:  3/3        EV: 12    Int: 12    God:
Gold:   78         SH:  4    Dex: 13    Spells: 2/2 levels left

rFire   . .          .
                       - Unarmed
rCold   . . .        f - +0 buckler
rNeg    . . .        (helmet currently unavailable)
rPois   .            (no amulet)
rElec   .            (no ring)
rCorr   .            (no ring)
SInv    .            (no ring)
Will    .....        (no ring)
Stlth   ++           (no ring)
HPRegen 0.23/turn    (no ring)
MPRegen 0.08/turn    (no ring)
                     (no ring)

%: no passive effects
@: beast-form
A: beast (slay +1), almost no armour, amphibious, 8 rings, camouflage 1,
gelatinous body 1, (nimble swimmer 1), tentacles
a: Begin Untransformation


You were on level 2 of the Dungeon.
You were a hulking beast.
You visited 1 branch of the dungeon, and saw 2 of its levels.

You collected 78 gold pieces.

Inventory:

Missiles
 e - 2 throwing nets
Armour
 f - a +0 buckler (worn)
   (You found it on level 1 of the Dungeon)
Talismans
 b - a beast talisman (active)
 c - a flux talisman
Scrolls
 d - 2 scrolls of teleportation {unknown}
 h - 4 scrolls of identify {unknown}
Potions
 a - a potion of lignification
 g - a potion of magic {unknown}
 i - a potion of resistance {unknown}


   Skills:
 - Level 1.0 Fighting
 - Level 2.0 Dodging
 + Level 4.6 Unarmed Combat
 - Level 3.0 Shapeshifting


You had 2 spell levels left.
You didn't know any spells.
Your spell library was empty.

Dungeon Overview and Level Annotations

Branches:
Dungeon (2/15) Zot: 10886

Altars:


Innate Abilities, Weirdness & Mutations

You are a hulking beast.
Your limbs bulge with bestial killing power. (Slay +1)
You cannot wear most types of armour.
You are amphibious.
You can wear up to eight rings at the same time.
Your skin changes colour to match your surroundings (Stealth+).
Your rubbery body absorbs attacks. (AC +1, EV +1)
((You are camouflaged when in or above water. (Stealth+)))
You have tentacles for arms and can constrict up to eight enemies at once.


Message History

There is a stone staircase leading up here.
A quokka is nearby!
Unknown command.
A quokka is nearby!
A quokka is nearby!
The helpless quokka fails to defend itself.
You tentacle-slap the quokka.
You kill the quokka!
No target in view!
No target in view!
No target in view!
h - 4 scrolls labelled EMEHORCH IS LOI (gained 1)
d - 2 scrolls labelled MATYJO KAUTICOIST (gained 1)
Found a stone staircase leading up.
A bat comes into view.
Found 13 gold pieces.
A bat is nearby!
The helpless bat fails to defend itself.
You tentacle-slap the bat.
You kill the bat!
No target in view!
No target in view!
No target in view!
No target in view!
You now have 32 gold pieces (gained 13).
A ball python comes into view.
Found 17 gold pieces.
Found a stone staircase leading up.
The ball python hisses angrily.
A ball python is nearby!
A ball python is nearby!
The ball python misses you. The ball python barely misses you.
You closely miss the ball python. Your grab misses the ball python.
The ball python closely misses you. The ball python grabs you.
The ball python constricts you.
You tentacle-slap the ball python. You grab the ball python.
You squeeze the ball python.
The ball python is heavily wounded.
You constrict the ball python. The ball python misses you.
The ball python constricts you.
You tentacle-slap the ball python.
You kill the ball python!
No target in view!
No target in view!
No target in view!
Found a stone staircase leading down.
No target in view!
You now have 49 gold pieces (gained 17).
You now have 54 gold pieces (gained 5).
You now have 66 gold pieces (gained 12).
You now have 78 gold pieces (gained 12).
A bat comes into view.
A bat is nearby!
The bat closely misses you.
You miss the bat. You grab the bat. You constrict the bat.
The bat hits you but does no damage.
The bat struggles to escape constriction.
The bat escapes!
The bat closely misses you.
A bat is nearby!
A bat is nearby!
The bat misses you.
You barely miss the bat. You grab the bat.
The bat is moderately wounded.
You constrict the bat. The bat misses you.
The bat escapes!
You tentacle-slap the bat.
You kill the bat!
No target in view!
No target in view! 2 gnolls come into view.
The gnoll shouts!
You see here a There-And-Back Book.
A gnoll is nearby!
A gnoll is nearby!
You barely miss the gnoll.
The gnoll shouts!
You grab the gnoll. You constrict the gnoll.
You hear a shout!
A gnoll comes into view. It is wielding a +0 spear.
The gnoll hits you with a +0 whip.
You tentacle-slap the gnoll.
The gnoll is heavily wounded.
You constrict the gnoll. The gnoll hits you with a +0 whip.
You tentacle-slap the gnoll.
The gnoll is heavily wounded.
You constrict the gnoll. The gnoll hits you with a +0 whip.
The gnoll hits you from afar with a +0 halberd!
Ouch! That really hurt!
* * * LOW HITPOINT WARNING * * *
You are too injured to fight recklessly!
You completely miss the gnoll. Your squeeze misses the gnoll.
The gnoll is severely wounded.
You constrict the gnoll, but do no damage.
The gnoll closely misses you. x2
Unknown command.
Okay, then.
Okay, then.
You tentacle-slap the gnoll.
You kill the gnoll!
The gnoll hits you from afar with a +0 halberd!
You die...

#. ##...#####
#.######.........
.............####
#.###....#.## .
#.###..###.#
...###.....## .#
..........## ..
.#....†:..####..#
#........h)gg.#
#........######
##########


You could see 2 gnolls.

Vanquished Creatures
  2 gnolls
  2 dart slugs (D:1)
  2 ball pythons
  6 endoplasms (D:1)
  2 hobgoblins (D:1)
  3 jackals (D:1)
  6 kobolds (D:1)
  2 quokkas
  7 bats
  2 rats (D:1)
34 creatures vanquished.

Notes
Turn   | Place    | Note
-------+----------+-------------------------------------------
     0 | D:1      | Flugkiller the Octopode Shapeshifter began the quest for
                  | the Orb.
     0 | D:1      | Reached XP level 1. HP: 13/13 MP: 1/1
   224 | D:1      | Reached XP level 2. HP: 11/18 MP: 2/2
   470 | D:1      | Reached skill level 4 in Unarmed Combat
   470 | D:1      | Reached XP level 3. HP: 7/23 MP: 3/3
  1116 | D:2      | Mangled by a gnoll

Illustrated notes

Levels and vault maps discovered:
D:1:      sevenhm_arrival_forest_fort_small_3, layout_loops_corners
D:2:      layout_rooms, chequers_decorated_corner

Skill      XL: |  1  2 |
---------------+-------+-----
Unarmed Combat | 4 |  4.6
Fighting       | |  1.0
Dodging        | |  2.0
Shapeshifting  | |  3.0

Action                     || total
---------------------------++-------
  Melee: Unarmed           ||    67
         Tentacles         ||    10
         Constrict         ||    16
         Punch             ||     4
   Stab: Sleeping          ||     5
 Armour: Skin              ||    26
  Dodge: Dodged            ||    33
  Block: Buckler           ||     4

Table legend: (Time is in decaauts)
 A = Elapsed time spent in this place.
 B = Non-inter-level travel time spent in this place.
 C = Inter-level travel time spent in this place.
 D = Time resting spent in this place.
 E = Time spent auto-exploring this place.
 F = Levels seen in this place.
 G = Mean time per level.
                   A        B        C        D        E       F      G
               +--------+--------+--------+--------+--------+-----+--------+
         Total |   1113 |   1084 |     29 |    105 |    787 |   2 |  556.5 |
       Dungeon |   1113 |   1084 |     29 |    105 |    787 |   2 |  556.5 |
               +--------+--------+--------+--------+--------+-----+--------+

Top non-repeatable levels by time:
     D:1: 969 daAuts
     D:2: 144 daAuts
